 Dungeon Crawl Stone Soup version 0.30.1-4-g462c640d31 (webtiles) character file.

Game seed: 1272576107971344089

182 BillyBaka the Ducker (level 5, -9/58 HPs)
             Began as a Djinni Earth Elementalist on Aug 22, 2023.
             Killed from afar by Maggie (11 damage)
             ... with a bolt of fire
             ... on level 7 of the Dungeon.
             The game lasted 00:15:36 (2599 turns).

BillyBaka the Ducker (Djinni Earth Elementalist)    Turns: 2599, Time: 00:15:37

Health: -9/58      AC: 22    Str:  7    XL:     5   Next: 93%
Gold:   116        EV:  2    Int: 19    God:
                   SH:  0    Dex: 13

rFire   . . .        n - +4 dagger
rCold   . . .        (no shield)
rNeg    . . .        a - melded +0 robe
rPois   ∞            (helmet currently unavailable)
rElec   .            j - melded scarf {shadows}
rCorr   .            s - melded +1 pair of gloves
SInv    .            (boots unavailable)
Will    .....        (no amulet)
Stlth   ++           (no ring)
HPRegen 0.29/turn    (no ring)
MPRegen 0.00/turn

%: infuse magic (-10 HP)
@: tree-form, attractive, mesmerised
A: stationary, stasis, torment immunity, boosted hp, sickness immunity, (fire
resistance 2), (cold vulnerability 1), float, innate caster, HP casting, extra
vitality 1
a: no special abilities


You were on level 7 of the Dungeon.
You were a tree.
You visited 1 branch of the dungeon, and saw 5 of its levels.

You collected 116 gold pieces.

Inventory:

Hand Weapons
 n - a +4 dagger (weapon)
Armour
 a - a +0 robe (melded)
 j - a scarf of shadows (melded)
 s - a +1 pair of gloves (melded)
Magical Staves
 u - a staff of cold
Scrolls
 b - 2 scrolls of fear {unknown}
 c - a scroll of brand weapon {unknown}
 d - a scroll of teleportation {unknown}
 e - 2 scrolls of enchant armour {unknown}
 g - a scroll of blinking {unknown}
 h - a scroll of torment {unknown}
 i - 2 scrolls of magic mapping {unknown}
 k - a scroll of enchant weapon {unknown}
 m - 2 scrolls of amnesia {unknown}
 q - 3 scrolls of identify {unknown}
Potions
 f - 3 potions of lignification
 o - a potion of heal wounds {unknown}
 p - a potion of cancellation {unknown}
 r - a potion of resistance {unknown}


   Skills:
 + Level 2.3 Fighting
 + Level 3.5 Dodging
 + Level 2.8 Stealth
 + Level 3.1 Spellcasting


You knew the following spells:

 Your Spells              Type           Power      Damage    Failure   Level
a - Sandblast             Erth           30%        2d9       4%          1
b - Passwall              Tmut/Erth      12%        N/A       6%          2
c - Stone Arrow           Conj/Erth      30%        3d8       12%         3
d - Petrify               Tmut/Erth      15%        N/A       38%         4
e - Beastly Appendage     Tmut           30%        N/A       4%          1
f - Call Imp              Summ           30%        N/A       6%          2
Your spell library was empty.

Dungeon Overview and Level Annotations

Branches:
Dungeon (4/15)
 Temple: D:4-7

Altars:
Gozag

Annotations:
D:7 Maggie


Innate Abilities, Weirdness & Mutations

You are a tree.
Your roots penetrate the ground, keeping you stationary.
You cannot be teleported.
You are immune to unholy pain and torment.
Your maximum health is greatly increased.
Your equipment is partially melded.
You are immune to sickness and miasma.
You are immune to poison.
((Your flesh is very heat resistant. (rF++)))
((You are vulnerable to cold. (rC-)))
You float through the air rather than walking.
You learn spells naturally, not from books.
Your magical power is your life essence.
You have superior vitality. (+4 MHP)


Message History

Casting: Stone Arrow (dangerous; 12% risk of failure)
Confirm with . or Enter, or press ? or * to list all spells.
Aiming: Passwall (safe; 6% risk of failure)
Press: ? - help, Dir - move target, f - you, p - Maggie Please select a wall.
A stone staircase leading up.
Okay, then.
It was a potion of lignification.
You turn into a tree.
Your scarf of shadows melds into your body.
Your +1 pair of gloves melds into your body.
Your +0 robe melds into your body.
The dungeon's light returns to normal.
Your roots penetrate the ground.
Maggie hits you from afar with a +0 halberd.
* * * LOW HITPOINT WARNING * * *
Casting: Passwall (safe; 6% risk of failure)
Confirm with . or Enter, or press ? or * to list all spells.
Aiming: Stone Arrow (dangerous; 12% risk of failure)
Press: ? - help, Shift-Dir - straight line, f/p - Maggie
Aim: Maggie, wielding a +0 halberd and wearing +0 steam dragon scales (almost dead, mesmerising, spells empowered, 68% to hit)
The stone arrow misses Maggie.
* * * LOW HITPOINT WARNING * * *
Maggie casts a spell.
Maggie draws you further into her thrall.
Casting: Stone Arrow (dangerous; 12% risk of failure)
Confirm with . or Enter, or press ? or * to list all spells.
You don't have enough health to cast this spell.
Unknown command.
Casting: Stone Arrow (dangerous; 12% risk of failure)
Confirm with . or Enter, or press ? or * to list all spells.
You don't have enough health to cast this spell.
Unknown command.
It was a potion of flight.
Your roots keep you in place.
Maggie hits you but does no damage.
It was a potion of attraction.
You feel attractive to monsters. Maggie hits you but does no damage.
Maggie is attracted toward you.
You barely miss Maggie.
Maggie is almost dead.
Maggie gestures at you while chanting. The bolt of fire hits you!
You die...

#.# #.#...#
####.####.#$..#
#.............#
#............##
#..######...##
#..# #..$# #..#
..[.#
..######..#
###..#
....!§@♣..#
#..#
...............
...........####
########.###
#.. ####


You could see Maggie (mesmerising, empowered).

Vanquished Creatures
  A sleepcap (D:4)
  An iguana (D:2)
  5 adders
  5 worms
  A dart slug (D:1)
  3 orcs
  5 ball pythons
  3 bats
  2 endoplasms
  2 giant cockroaches
  10 goblins
  7 hobgoblins
  5 jackals
  A quokka (D:3)
  5 frilled lizards
  4 kobolds
  5 rats
65 creatures vanquished.

Notes
Turn   | Place    | Note
-------+----------+-------------------------------------------
     0 | D:1      | BillyBaka the Djinni Earth Elementalist began the quest for
                  | the Orb.
     0 | D:1      | BillyBaka set off with the following spells memorised:
                  | Sandblast, Passwall, Stone Arrow, Petrify.
     0 | D:1      | Reached XP level 1. HP: 15/15 MP: 0/0
   141 | D:1      | Reached XP level 2. HP: 21/22 MP: 0/0
   552 | D:2      | Reached skill level 1 in Fighting
   552 | D:2      | Reached XP level 3. HP: 24/27 MP: 0/0
   552 | D:2      | Learned a level 1 spell: Beastly Appendage
   687 | D:2      | Reached XP level 4. HP: 30/32 MP: 0/0
  1491 | D:3      | Reached XP level 5. HP: 37/38 MP: 0/0
  1491 | D:3      | Learned a level 2 spell: Call Imp
  2336 | D:4      | Found an opulent altar of Gozag.
  2571 | D:4      | You are sucked into a shaft and drop 3 floors!
  2572 | D:7      | Noticed a bullfrog
  2587 | D:7      | Noticed Maggie
  2599 | D:7      | Killed from afar by Maggie

Illustrated notes

Levels and vault maps discovered:
D:1:      spicycebolla_arrival_risky_transporter, layout_rooms, serial_glass,
          glass_columns_a, glass_columns_b, minmay_split_cup_large
D:2:      layout_basic
D:3:      layout_basic
D:4:      layout_cave_pods, mainiacjoe_overflow_concentric_impassable
D:7:      layout_loops_ring, minmay_shattered_shrine, uniq_maggie

Skill      XL: |  1  2  3  4  5 |
---------------+----------------+-----
Stealth        | 2 |  2.8
Fighting       | 1 2 |  2.3
Dodging        | 3 |  3.5
Spellcasting   | 3 |  3.1

Action                     |  1- 3 |  4- 6 || total
---------------------------+-------+-------++-------
  Melee: Dagger            |       |     1 ||     1
   Cast: Sandblast         |    40 |    69 ||   109
         Stone Arrow       |       |    16 ||    16
         Passwall          |       |     2 ||     2
    Use: Potion            |       |     3 ||     3
 Armour: Robe              |     2 |     4 ||     6
         Skin              |       |     2 ||     2
  Dodge: Dodged            |    13 |    24 ||    37
